 Dungeon Crawl Stone Soup version 0.31.0-11-ge490571c62 (webtiles) character file.

Game seed: 3949032727605449600

3792 qw the Skirmisher (level 9, 0/39 (46) HPs)
             Began as a Spriggan Hunter on Feb 4, 2024.
             Was a Follower of Okawaru.
             Slain by a wight
             ... wielding a +0 falchion
              (6 damage)
             ... on level 7 of the Dungeon.
             The game lasted 00:00:45 (5632 turns).

qw the Skirmisher (Spriggan Hunter)                 Turns: 5632, Time: 00:00:45

HP:   0/39 (46)     AC:  6    Str:  7    XL:     9   Next: 95%
MP:   12/12         EV: 25    Int: 11    God:    Okawaru [*.....]
Gold: 481           SH:  0    Dex: 22    Spells: 8/8 levels left

rFire   . . .        a - +1 shortbow
rCold   . . .        (shield currently unavailable)
rNeg    . . .        b - +0 troll leather armour {Pargi}
rPois   +            (helmet restricted)
rElec   .            g - +2 cloak
rCorr   .            (gloves unavailable)
SInv    +            (boots unavailable)
Will    +....        (no amulet)
Stlth   ++           e - ring of poison resistance
HPRegen 1.06/turn    (no ring)
MPRegen 0.13/turn

%: no passive effects
@: about to teleport, heavily drained, very quick
A: very small, no large weapons, unfitting armour, see invisible, speed 3
a: Renounce Religion, Heroism


You were on level 7 of the Dungeon.
You worshipped Okawaru.
Okawaru was aware of your devotion.
You visited 2 branches of the dungeon, and saw 9 of its levels.
You also visited: Sewer.

You collected 481 gold pieces.


Innate Abilities, Weirdness & Mutations

You are very small and have problems with some larger weapons.
You are too small for most types of armour.
You have supernaturally acute eyesight. (SInv)
You cover ground extremely quickly. (Speed+++)


   Skills:
 - Level 4.7 Fighting
 - Level 11.0 Ranged Weapons
 + Level 10.5 Dodging
 - Level 1.5 Stealth
 + Level 2.9 Invocations


You had 8 spell levels left.
You didn't know any spells.
Your spell library was empty.

Inventory:

Hand Weapons
 a - a +1 shortbow (weapon)
Armour
 b - a +0 troll leather armour (worn) {Pargi}
 g - a +2 cloak (worn)
Jewellery
 e - a ring of poison resistance (left hand)
 f - an amulet of faith
Wands
 k - a wand of paralysis (13)
Scrolls
 h - a scroll of fear {unknown}
 m - a scroll of teleportation
Potions
 c - a potion of magic {unknown}
 d - a potion of might {unknown}
 j - a potion of curing
 l - a potion of cancellation
 n - 3 potions of attraction {unknown}

Dungeon Overview and Level Annotations

Branches:
Dungeon (8/15)             Temple (1/1) D:6           Sewer (visited)
   Lair: D:8-11

Altars:
Ashenzari
Cheibriados
Elyvilon
Fedhas
Gozag
Hepliaklqana
Makhleb
Nemelex Xobeh
Okawaru
Qazlal
Ru
Trog
Uskayaw
Vehumet
Wu Jian
Xom
Yredelemnul
Zin
The Shining One

Portals:
Bailey: D:7

Annotations:
D:3 1 runed translucent door, Crazy Yiuf


Message History

The arrow hits the wight but does no damage.
The wight closely misses you. The wight completely misses you.
You shoot an arrow. The arrow closely misses the wight.
The wight closely misses you. The wight hits you with a +0 falchion!
You shoot an arrow. The arrow hits the wight.
The wight is lightly damaged.
The wight closely misses you. The wight completely misses you.
You shoot an arrow.
The arrow hits the wight but does no damage.
The wight is lightly damaged.
You shoot an arrow. The arrow hits the wight.
The wight is lightly damaged.
The wight closely misses you. The wight completely misses you.
You shoot an arrow. The arrow closely misses the wight.
The wight hits you from afar with a +0 halberd.
The wight misses you.
You shoot an arrow. The arrow barely misses the wight.
The wight misses you. The wight hits you with a +0 falchion.
You shoot an arrow. The arrow hits the wight.
The wight is heavily damaged.
The wight closely misses you. The wight hits you but does no damage.
You shoot an arrow. The arrow hits the wight!
The wight is almost destroyed.
The wight completely misses you. The wight misses you.
You shoot an arrow. The arrow closely misses the wight.
The wight completely misses you. x2
You shoot an arrow. The arrow completely misses the wight.
The wight completely misses you. The wight barely misses you.
You shoot an arrow.
The arrow hits the wight but does no damage.
The wight is almost destroyed.
The wight barely misses you. The wight hits you with a +0 falchion.
You shoot an arrow. The arrow closely misses the wight.
The wight hits you from afar with a +0 halberd!
The wight misses you.
5632 ||| READING 2 scrolls of teleportation.
As you read the scroll of teleportation, it crumbles to dust.
You feel strangely unstable. The wight completely misses you.
The wight hits you with a +0 falchion.
You die...

#.............. #..............
#####..............
........[.......... ?
.................. ..
..............##########...
..............#............
..............'.)z.........######
..........)...#.@))........#.....
..............#...z........#.....
..............##########z..#.....
...........<...........# .z#.....
#'###..................# #.....
....#..................#####.....
....#........)..............##'#.
....##########..............#....
........ #..............#....


You could see 2 wights.

Vanquished Creatures
  Pikel (D:4)
  Jeremiah (D:7)
  Grinder (D:3)
  4 yaks (D:6)
  2 wyverns (D:7)
  2 sky beasts
  An ice beast (D:7)
  A black bear (D:7)
  2 ogres
  Pargi (Sewer)
  A lemure (D:4)
  A phantom (D:4)
  A brain worm (Sewer)
  A scorpion (D:5)
  7 wights (D:7)
  A jelly (D:6)
  A bombardier beetle (D:5)
  4 orc priests
  4 hounds
  A gnoll bouda (D:6)
  A sleepcap (D:5)
  Ijyb (D:3)
  2 iguanas (D:5)
  5 orc wizards
  4 gnolls (D:6)
  8 adders
  A river rat (D:4)
  A shadow imp (D:5)
  A white imp (D:7)
  2 ufetubi (D:5)
  A ribbon worm (D:2)
  3 dart slugs
  15 orcs
  7 endoplasms
  3 giant cockroaches
  11 goblins
  7 hobgoblins
  11 jackals
  5 quokkas
  6 ball pythons
  9 bats
  2 frilled lizards (D:2)
  7 kobolds
  9 rats
160 creatures vanquished.

Notes
Turn   | Place    | Note
-------+----------+-------------------------------------------
     0 | D:1      | qw the Spriggan Hunter began the quest for the Orb.
     0 | D:1      | Reached XP level 1. HP: 10/10 MP: 2/2
     0 | D:1      | 0 ||| qw: Version: 0.3-a-160-g6735b56
     0 | D:1      | 0 ||| qw: Game counter: 4736
     0 | D:1      | 0 ||| qw: Melee chars always use a shield: true
     0 | D:1      | 0 ||| qw: God list: Okawaru
     0 | D:1      | 0 ||| qw: Allow faded altars: false
     0 | D:1      | 0 ||| qw: Do Orc after clearing Dungeon:15 true
     0 | D:1      | 0 ||| qw: Do second Lair branch before Depths: true
     0 | D:1      | 0 ||| qw: Lair rune preference: random
     0 | D:1      | 0 ||| qw: Goals: Normal
     0 | D:1      | 0 ||| PLANNING D:1-11
    73 | D:1      | Reached skill level 3 in Dodging
   108 | D:1      | Reached XP level 2. HP: 14/14 MP: 3/3
   654 | D:1      | 654 ||| DROPPING ring of magical power.
   655 | D:1      | 655 ||| READING scroll labelled BALIATH MOMIGG.
   655 | D:1      | 655 ||| IDENTIFYING fizzy green potion
   656 | D:1      | 656 ||| READING scroll labelled LURARPH WEDESINTEQ.
   657 | D:1      | 657 ||| READING scroll labelled KUMIAF NANUSAG.
   658 | D:1      | 658 ||| READING scroll labelled ACWAOP QOUPOZO.
   658 | D:1      | 658 ||| ENCHANTING +0 shortbow.
   659 | D:1      | 659 ||| READING scroll labelled LIGITO DUOCH.
   659 | D:1      | 659 ||| ENCHANTING +1 shortbow.
   660 | D:1      | 660 ||| DROPPING scroll of butterflies.
   661 | D:1      | 661 ||| DROPPING potion of lignification.
   692 | D:2      | 692 ||| STAIRDANCE
   696 | D:2      | 696 ||| STAIRDANCE
   775 | D:2      | Reached XP level 3. HP: 18/18 MP: 4/4
  1228 | D:2      | 1228 ||| UPGRADING to ring of poison resistance.
  1229 | D:2      | 1229 ||| READING scroll of identify.
  1229 | D:2      | 1229 ||| IDENTIFYING murky emerald potion
  1230 | D:2      | 1230 ||| DRINKING 2 purple potions.
  1231 | D:2      | 1231 ||| DROPPING potion of berserk rage.
  1254 | D:3      | 1254 ||| STAIRDANCE
  1260 | D:3      | 1260 ||| STAIRDANCE
  1263 | D:3      | 1263 ||| STAIRDANCE
  1319 | D:3      | 1319 ||| STAIRDANCE
  1339 | D:3      | Noticed Grinder
  1340 | D:3      | 1340 ||| STAIRDANCE
  1345 | D:3      | 1345 ||| DRINKING potion of haste.
  1346 | D:3      | Paralysed by Grinder for 2 turns
  1354 | D:3      | Paralysed by Grinder for 2 turns
  1373 | D:3      | Killed Grinder
  1374 | D:3      | Reached skill level 6 in Ranged Weapons
  1374 | D:3      | Reached XP level 4. HP: 22/22 MP: 5/5
  1374 | D:3      | Reached XP level 5. HP: 25/25 MP: 6/6
  1449 | D:3      | Reached XP level 6. HP: 30/30 MP: 7/7
  1662 | D:3      | Found a runed translucent door.
  1663 | D:3      | Noticed Crazy Yiuf
  1779 | D:3      | Noticed Ijyb
  1796 | D:3      | Killed Ijyb
  2081 | D:3      | 2081 ||| UPGRADING to +0 cloak.
  2086 | D:3      | 2086 ||| READING scroll of enchant armour.
  2086 | D:3      | 2086 ||| ENCHANTING +0 cloak.
  2087 | D:3      | 2087 ||| READING scroll of identify.
  2087 | D:3      | 2087 ||| IDENTIFYING bubbling cyan potion
  2088 | D:3      | 2088 ||| READING scroll labelled UQAFRO DETYOFU.
  2089 | D:3      | 2089 ||| DRINKING 2 green potions.
  2118 | D:4      | 2118 ||| PLANNING SEWER
  2206 | D:4      | Noticed Pikel
  2214 | D:4      | 2214 ||| RETREEEEATING.
  2215 | D:4      | 2215 ||| RETREEEEATING.
  2216 | D:4      | 2216 ||| ZAPPING wand of mindburst (6) at 2,0 (Pikel;
                  | floor).
  2225 | D:4      | 2225 ||| ZAPPING wand of mindburst (5) at 1,0 (Pikel;
                  | floor).
  2226 | D:4      | 2226 ||| ZAPPING wand of mindburst (4) at 1,0 (Pikel;
                  | floor).
  2227 | D:4      | 2227 ||| ZAPPING wand of mindburst (3) at 1,0 (Pikel;
                  | floor).
  2228 | D:4      | 2228 ||| ZAPPING wand of mindburst (2) at 1,0 (Pikel;
                  | floor).
  2228 | D:4      | Killed Pikel
  2229 | D:4      | Reached XP level 7. HP: 31/38 MP: 8/8
  2576 | D:4      | Found a glowing drain.
  2583 | D:4      | Reached skill level 6 in Dodging
  2583 | D:4      | 2583 ||| READING scroll of identify.
  2583 | D:4      | 2583 ||| IDENTIFYING metallic sapphire potion
  2584 | D:4      | 2584 ||| READING scroll labelled JUPEOHURAH.
  2695 | Sewer    | Entered a sewer
  2727 | Sewer    | Reached skill level 7 in Ranged Weapons
  2763 | Sewer    | Noticed Pargi
  2771 | Sewer    | Killed Pargi
  2772 | Sewer    | Reached XP level 8. HP: 42/42 MP: 9/9
  2804 | Sewer    | 2804 ||| UPGRADING to +0 troll leather armour {Pargi}.
  2814 | Sewer    | 2814 ||| DROPPING +0 robe.
  2823 | D:4      | 2823 ||| PLANNING D:1-11
  2951 | D:4      | 2951 ||| READING scroll of enchant armour.
  2951 | D:4      | 2951 ||| ENCHANTING +1 cloak.
  3129 | D:4      | 3129 ||| READING scroll labelled UKYFUKK ZIGU.
  3146 | D:5      | Entered Level 5 of the Dungeon
  3447 | D:5      | Reached skill level 8 in Ranged Weapons
  4018 | D:5      | 4018 ||| READING scroll labelled XUH LUFUAL.
  4019 | D:5      | 4019 ||| READING 2 scrolls labelled DOUPETU MAUGE.
  4020 | D:5      | 4020 ||| DROPPING scroll of immolation.
  4034 | D:6      | Found a staircase to the Ecumenical Temple.
  4035 | D:6      | 4035 ||| PLANNING TEMPLE
  4095 | D:6      | 4095 ||| RETREEEEATING.
  4097 | D:6      | 4097 ||| RETREEEEATING.
  4101 | D:6      | 4101 ||| RETREEEEATING.
  4102 | D:6      | 4102 ||| RETREEEEATING.
  4103 | D:6      | 4103 ||| RETREEEEATING.
  4105 | D:6      | 4105 ||| RETREEEEATING.
  4107 | D:6      | 4107 ||| RETREEEEATING.
  4109 | D:6      | 4109 ||| RETREEEEATING.
  4113 | D:6      | 4113 ||| RETREEEEATING.
  4114 | D:6      | 4114 ||| RETREEEEATING.
  4115 | D:6      | 4115 ||| RETREEEEATING.
  4116 | D:6      | 4116 ||| RETREEEEATING.
  4123 | D:6      | Reached skill level 9 in Ranged Weapons
  4155 | D:6      | Reached skill level 9 in Dodging
  4155 | D:6      | Reached XP level 9. HP: 25/46 MP: 10/10
  4265 | D:6      | 4265 ||| READING scroll labelled WIERANI KETRU.
  4276 | Temple   | Entered the Ecumenical Temple
  4277 | Temple   | 4277 ||| PLANNING OKAWARU WORSHIP
  4283 | Temple   | Became a worshipper of Warmaster Okawaru
  4284 | Temple   | 4284 ||| PLANNING D:1-11
  4643 | D:6      | Reached skill level 10 in Ranged Weapons
  4806 | D:6      | 4806 ||| READING scroll labelled CAWATT NEMNI.
  4907 | D:7      | Reached * piety under Okawaru
  4942 | D:7      | 4942 ||| RETREEEEATING.
  4953 | D:7      | Reached skill level 1 in Invocations
  5004 | D:7      | Found a flagged portal.
  5010 | D:7      | You fall into a shaft and drop 1 floor!
  5126 | D:7      | 5126 ||| ZAPPING wand of mindburst (1) at 1,-1 (black bear;
                  | floor).
  5127 | D:7      | 5127 ||| INVOKING Heroism.
  5205 | D:7      | Noticed Jeremiah
  5206 | D:7      | 5206 ||| INVOKING Heroism.
  5227 | D:7      | 5227 ||| INVOKING Heroism.
  5228 | D:7      | HP: 5/36 [Jeremiah/divine providence (9)]
  5229 | D:7      | 5229 ||| READING 2 scrolls of teleportation.
  5230 | D:7      | 5230 ||| DRINKING potion of heal wounds.
  5334 | D:7      | 5334 ||| ZAPPING wand of paralysis (19) at -5,-7 (Jeremiah;
                  | floor).
  5347 | D:7      | 5347 ||| FLEEEEING.
  5348 | D:7      | 5348 ||| FLEEEEING.
  5349 | D:7      | 5349 ||| FLEEEEING.
  5350 | D:7      | 5350 ||| FLEEEEING.
  5351 | D:7      | 5351 ||| FLEEEEING.
  5353 | D:7      | 5353 ||| FLEEEEING.
  5354 | D:7      | 5354 ||| FLEEEEING.
  5356 | D:7      | 5356 ||| ZAPPING wand of paralysis (18) at -5,-7 (Jeremiah;
                  | floor).
  5370 | D:7      | 5370 ||| ZAPPING wand of paralysis (17) at 6,2 (Jeremiah;
                  | floor).
  5372 | D:7      | 5372 ||| ZAPPING wand of paralysis (16) at 5,3 (Jeremiah;
                  | floor).
  5383 | D:7      | 5383 ||| ZAPPING wand of paralysis (15) at 2,2 (Jeremiah;
                  | floor).
  5412 | D:7      | 5412 ||| ZAPPING wand of paralysis (14) at 2,2 (Jeremiah;
                  | floor).
  5429 | D:7      | Killed Jeremiah
  5430 | D:7      | Reached skill level 11 in Ranged Weapons
  5598 | D:7      | 5598 ||| RETREEEEATING.
  5600 | D:7      | 5600 ||| RETREEEEATING.
  5601 | D:7      | 5601 ||| RETREEEEATING.
  5631 | D:7      | HP: 5/39 [wight/+0 halberd (10)]
  5632 | D:7      | 5632 ||| READING 2 scrolls of teleportation.
  5632 | D:7      | Slain by a wight

Levels and vault maps discovered:
D:1:      tarquinn_simple_flora_water_f, layout_basic
D:2:      layout_basic, serial_aquarium, aquarium_bridge_square
          [aquarium_subvault_wall, aquarium_subvault_wall,
          aquarium_subvault_bridge, aquarium_subvault_window],
          aquarium_window_double, aquarium_window_2, aquarium_view_2e,
          aquarium_balcony_1b, aquarium_pool_side
D:3:      layout_basic, uniq_ijyb, uniq_grinder, uniq_crazy_yiuf_cottage
D:4:      layout_loops_cross, portal_sewer_entry_b, uniq_pikel
D:5:      layout_basic
D:6:      layout_gridville, temple_doors_e
D:7:      layout_gridville, mainiacjoe_overflow_swirl, enter_bailey_5,
          uniq_jeremiah
D:8:      layout_rooms
Temple:   compressed_dpeg_triangle_lava_temple

Skill      XL: |  1  2  3  4  5  6  7  8  9 |
---------------+----------------------------+-----
Dodging        | 3 4 5 6 9 10 | 10.5
Ranged Weapons | 6 7 9 11 | 11.0
Fighting       | 4 |  4.7
Invocations    | 2 |  2.9
Stealth        | |  1.5

Action                     |  1- 3 |  4- 6 |  7- 9 || total
---------------------------+-------+-------+-------++-------
   Fire: Shortbow          |    97 |    88 |   483 ||   668
 Invoke: Heroism           |       |       |     3 ||     3
  Evoke: Wand              |       |     5 |     7 ||    12
    Use: Scroll            |     6 |     3 |    10 ||    19
         Potion            |     2 |     1 |     1 ||     4
 Armour: Robe              |     6 |     7 |     6 ||    19
         Troll leather arm |       |       |    95 ||    95
  Dodge: Dodged            |    17 |    33 |   334 ||   384

Table legend:
 A = Non-vault XP
 B = Vault XP
 C = Vault XP percentage of total XP
 D = Non-vault monster count
 E = Vault monster count
 F = Vault count percentage of total count
                 A         B        C        D         E       F
            +---------+---------+-------+---------+---------+-------
      Total |    3852 |    1566 |  28.9 |     137 |      22 |  13.8
            +---------+---------+-------+---------+---------+-------
        D:1 |      30 |       0 |   0.0 |      15 |       0 |   0.0
        D:2 |      45 |       0 |   0.0 |      24 |       0 |   0.0
        D:3 |      75 |     322 |  81.1 |      20 |       2 |   9.1
        D:4 |     170 |     603 |  78.0 |      23 |       5 |  17.9
        D:5 |     495 |       0 |   0.0 |      17 |       0 |   0.0
        D:6 |    1590 |       0 |   0.0 |      24 |       0 |   0.0
        D:7 |    1447 |     414 |  22.2 |      14 |       5 |  26.3
      Sewer |       0 |     227 | 100.0 |       0 |      10 | 100.0
            +---------+---------+-------+---------+---------+-------
